 Dungeon Crawl Stone Soup version 0.17.0-7-gfadd4cc (webtiles) character file.

268 oplop the Sneak (level 6, -4/30 HPs)
             Began as a Vine Stalker Assassin on Nov 8, 2015.
             Killed from afar by an orc wizard (7 damage)
             ... with a magic dart
             ... on level 3 of the Dungeon.
             The game lasted 00:03:06 (1765 turns).

oplop the Sneak (Vine Stalker Assassin)             Turns: 1765, Time: 00:03:06

Health: -4/30      AC:  3    Str: 14    XL:     6   Next: 21%
Magic:  0/7        EV: 13    Int: 11    God:
Gold:   170        SH:  0    Dex: 17    Spells: 0 memorised, 5 levels left

rFire  . . .     SeeInvis .     b - +0 blowgun
rCold  . . .     Clarity  .     c - +0 robe
rNeg   . . .     SustAt   .     (no shield)
rPois  .         Gourm    .     (no helmet)
rElec  .         Spirit   +     d - +0 cloak
rCorr  .         Warding  .     (no gloves)
rMut   .         Stasis   .     (no boots)
MR     .....                    (no amulet)
Stlth  +++.......               (no ring)
                                (no ring)

@: not resistant to hostile enchantments, fairly stealthy
A: fangs 2, regeneration 2, magic shield, antimagic bite, no device heal 3, rot
immunity
a: no special abilities


You were on level 3 of the Dungeon.
You were hungry.

You visited 1 branch of the dungeon, and saw 3 of its levels.

You collected 170 gold pieces.

Inventory:

Hand Weapons
 a - a +2 dagger
 b - a +0 blowgun (weapon)
Missiles
 e - 29 poisoned needles (quivered)
 f - 2 curare-tipped needles
Armour
 c - a +0 robe (worn)
 d - a +0 cloak (worn)
Jewellery
 k - an uncursed amulet of stasis
 n - an uncursed ring of protection from cold {unknown}
 o - an uncursed ring of poison resistance {unknown}
Scrolls
 i - 2 scrolls of identify {unknown}
 l - a scroll of fear {unknown}
 s - a scroll of blinking {unknown}
 t - a scroll of recharging {unknown}
 u - a scroll of noise {unknown}
 v - a scroll of immolation {unknown}
 w - a scroll of enchant weapon {unknown}
 y - a scroll of random uselessness {unknown}
 z - a scroll of amnesia {unknown}
 A - a scroll of magic mapping {unknown}
Potions
 j - a potion of haste {unknown}
 q - a potion of poison {unknown}
 r - a potion of heal wounds {unknown}
 x - a potion of curing {unknown}
 B - a potion of berserk rage {unknown}
 C - a potion of cancellation {unknown}
Comestibles
 g - 3 bread rations
 h - a meat ration
 m - a beef jerky
 p - 2 fruits


   Skills:
 - Level 1.7 Fighting
 + Level 3.1 Short Blades
 + Level 3.2 Throwing
 + Level 2.4 Dodging
 + Level 6.3 Stealth


You had 5 spell levels left.
You didn't know any spells.

Dungeon Overview and Level Annotations

Branches:
Dungeon (3/15)

Altars:


Innate Abilities, Weirdness & Mutations

You have extremely sharp teeth.
You heal very quickly.
When hurt, damage is shared between your health and your magic reserves.
Your bite disrupts and absorbs the magic of your enemies.
Potions and wands cannot restore your health.
You are immune to rotting.


Message History

Press: ? - help, Shift-Dir - straight line, f - orc wizard
Aim: an orc wizard, wielding a dagger and wearing a robe (fast)
You shoot a poisoned needle.
The poisoned needle hits the orc wizard!
The orc wizard is poisoned.
The orc wizard points at you and mumbles some strange words.
The magic dart hits you!
* * * LOW HITPOINT WARNING * * *
The orc wizard hits you but does no damage.
Firing (i - inventory. (,) - cycle):
e - 30 poisoned needles (quivered)
Press: ? - help, Shift-Dir - straight line, f/p - orc wizard
Aim: an orc wizard, wielding a dagger and wearing a robe (lightly wounded, fast, poisoned)
You shoot a poisoned needle.
The poisoned needle hits the orc wizard!
The orc wizard looks even sicker.
The orc wizard is lightly wounded.
The orc wizard barely misses you.
The orc wizard gestures at you while chanting.
The magic dart hits you!
You die...

....#######.............#
....[....>#.............#####
########..#.................#
.# #[..#............####.# .#
#.#.#....(.####'## #.# .#
#.#.....o#......# #.# .#
#.#...####o.##..# #.# .#
#.....##.#o.##..# #.##### .#
###...#..#@.##..# #.#.... .#
#.#.#..#..##..# #.#.### .#
####.#....#..##..# #.#.# .#
#.........#..##..# #.#.# .#
#.##.##..##...#..# #.#.# .#
#.##.##..........# #.#.# .#
#.##..##.###....######.#.# .#
#.###.##.# #.#......##.#.# ##
#.# #..#.# #.#.####.##...#


You could see an orc wizard and an orc.

Vanquished Creatures
  Sigmund (D:2)
  4 adders
  A gnoll (D:1)
  An ooze (D:2)
  3 worms (D:2)
  An orc (D:3)
  4 goblins
  7 hobgoblins
  4 jackals (D:3)
  4 kobolds
  4 bats
  4 giant cockroaches (D:1)
  6 giant newts
  9 rats
53 creatures vanquished.

Notes
Turn   | Place    | Note
--------------------------------------------------------------
     0 | D:1      | oplop the Vine Stalker Assassin began the quest for the Orb.
     0 | D:1      | Reached XP level 1. HP: 11/11 MP: 2/2
    52 | D:1      | Reached skill level 1 in Dodging
    52 | D:1      | Reached skill level 5 in Stealth
    52 | D:1      | Reached XP level 2. HP: 15/15 MP: 3/3
   208 | D:1      | Reached XP level 3. HP: 10/18 MP: 4/4
   774 | D:2      | Noticed Sigmund
   796 | D:2      | Killed Sigmund
   796 | D:2      | Reached skill level 6 in Stealth
   796 | D:2      | Reached XP level 4. HP: 8/23 MP: 5/5
   796 | D:2      | Reached XP level 5. HP: 9/26 MP: 6/6
   826 | D:2      | Found a faded altar to an unknown god.
   838 | D:2      | Gained mutation: You heal very quickly. [Vine Stalker growth]
   838 | D:2      | Reached XP level 6. HP: 20/30 MP: 7/7
  1765 | D:3      | Killed from afar by an orc wizard

Action                   |  1- 3 |  4- 6 || total
-------------------------+-------+-------++-------
Melee: Dagger            |    69 |    49 ||   118
 Fire: Blowgun           |     4 |     2 ||     6
 Stab: Sleeping          |    13 |    10 ||    23
  Eat: Chunk             |       |     2 ||     2
